Map: Orbitalwerft

Players

WhoCares - Winner!

  • Race: Terran Terran
  • League: Gold

fragleader

  • Race: Protoss Protoss
  • League: Silver

VOD

Have the link to the VOD?

Description

Time

  • Played on: Dec. 14, 2015, 2:31 p.m.
  • Length: 6:11
Show
View Real Time Build Order
Export as new Build Order

WhoCares Terran - Winner!

Build Orders: MMM Bio 

Get SALT Encoding   

  12  0:01  SCV  
  13  0:13  SCV  
  14  0:18  Supply Depot  
  14  0:25  SCV  
  15  0:39  SCV  
  15  0:41  Barracks  
  16  0:52  SCV  
  16  0:56  Barracks  
  17  1:04  SCV  
  18  1:09  Barracks  
  18  1:16  SCV  
  19  1:27  Supply Depot  
  19  1:29  Marine  
  20  1:36  Orbital Command  
  20  1:45  Marine  
  21  1:47  Marine  
  22  1:55  Refinery  
  22  1:58  Refinery, Marine  
  23  2:03  SCV  
  23  2:04  Marine  
  23  2:07  Marine  
  26  2:13  Supply Depot  
  26  2:17  Marine  
  26  2:19  SCV  
  28  2:24  Marine  
  28  2:28  Marine  
  30  2:31  SCV  
  31  2:38  Engineering Bay  
  31  2:43  Barracks Tech Lab  
  31  2:44  Marine  
  31  2:47  Marine  
  31  2:48  SCV  
  34  2:54  Supply Depot  
  34  3:02  Stimpack  
  34  3:03  Barracks Tech Lab  
  34  3:07  Marauder  
  36  3:15  Barracks Reactor  
  36  3:18  Missile Turret  
  36  3:21  SCV  
  36  3:23  Concussive Shells  
  37  3:30  Marauder  
  39  3:36  Marauder  
  41  3:51  Marauder, Marine x2  
  45  3:57  Supply Depot  
  45  4:05  Marauder  
  45  4:08  Combat Shields  
  47  4:13  Marine x2  
  49  4:20  Marauder  
  51  4:28  Marauder  
  53  4:32  Marine x2  
  55  4:40  Supply Depot  
  55  4:43  Marauder  
  57  4:50  Marauder  
  57  4:51  Marine x2  
  61  5:06  Marauder  
  63  5:11  Factory  
  63  5:12  Marine  
  63  5:13  Marine  
  63  5:14  Marauder  
  67  5:29  Marauder  
  67  5:33  Marine x2  
Show
View Real Time Build Order
Export as new Build Order

fragleader Protoss 

Build Orders:  

Get SALT Encoding   

  12  0:01  Probe (Chrono Boost)  
  13  0:11  Probe (Chrono Boost)  
  14  0:19  Pylon  
  14  0:22  Probe (Chrono Boost)  
  15  0:37  Probe (Chrono Boost)  
  15  0:40  Gateway  
  16  0:48  Probe (Chrono Boost)  
  17  0:52  Assimilator  
  17  0:58  Probe (Chrono Boost)  
  18  1:09  Probe (Chrono Boost), Pylon  
  19  1:19  Probe (Chrono Boost)  
  20  1:30  Probe (Chrono Boost)  
  21  1:36  Cybernetics Core  
  21  1:39  Assimilator  
  21  1:41  Probe (Chrono Boost)  
  22  1:49  Gateway  
  22  1:51  Probe (Chrono Boost)  
  23  2:02  Probe (Chrono Boost)  
  24  2:12  Probe (Chrono Boost)  
  24  2:14  Warp Gate  
  25  2:18  Adept (Chrono Boost)  
  27  2:23  Mothership Core (Chrono Boost)  
  31  2:40  Adept (Chrono Boost)  
  31  2:51  Pylon  
  31  2:53  Pylon  
  31  3:03  Nexus  
  31  3:09  Probe  
  32  3:18  Pylon  
  32  3:21  Probe  
  32  3:24  Zealot (Chrono Boost)  
  37  3:27  Sentry (Chrono Boost)  
  37  3:34  Probe, Pylon  
  38  3:36  Forge  
  38  3:47  Probe  
  39  3:49  Gateway  
  39  4:10  Protoss Ground Weapons Level 1 (Chrono Boost)  
  39  4:15  Probe  
  40  4:17  Probe  
  40  4:19  Robotics Facility  
  41  4:26  Probe  
  41  4:28  Stalker, Zealot  
  46  4:40  Probe  
  46  4:42  Probe  
  48  4:53  Stalker x2, Probe  
  48  4:55  Probe  
  54  5:07  Probe, Observer  
  55  5:09  Probe  
  57  5:14  Assimilator  
  57  5:19  Assimilator  
  57  5:20  Probe  
  57  5:22  Probe, Pylon  
  57  5:24  Stalker  
  57  5:25  Sentry x2, Pylon  
  65  5:36  Probe  
  65  5:38  Probe  
  57  5:55  Zealot x2  
  57  5:56  Zealot  
Tags
 
Composition
MMM Bio
Matchup
PvT
Add a new tag
Caveats
  • Supply blocks, unpowered buildings, or Contaminate may cause inaccurate times.
  • Supply counts are checked every 10 seconds.